APP
MISSOULA OSPREY @ WASHINGTON (APP) NATIONALS
06/10/2044
 
TOP OF THE 1ST
Missoula Osprey batting - Pitching for Washington (APP) Nationals : RHP Gary Simmons
Pitching: RHP Gary Simmons
Batting: RHB Ernesto Zamora 0-0: Called Strike
0-1: Hit by Pitch
Batting: SHB Ed Vargas 0-0: Ball
1-0: Foul Ball, location: 2F
1-1: Ball
2-1: Foul Ball, location: 2F
2-2: Grounds into double play, 6-4-3 (Groundball, 6, EV 91.3 MPH)
Batting: SHB Evan Armagost 0-0: Called Strike
0-1: Ball
1-1: Swinging Strike
1-2: Ball
2-2: Strikes out swinging
Top of the 1st over - 0 runs, 0 hits, 0 errors, 0 left on base; Missoula 0 - Washington (APP) 0
BOTTOM OF THE 1ST
Washington (APP) Nationals batting - Pitching for Missoula Osprey : RHP Adam Maida
Pitching: RHP Adam Maida
Batting: RHB Jim Miske 0-0: Called Strike
0-1: Ball
1-1: Swinging Strike
1-2: Ball
2-2: Ball
3-2: Fly out, F7 (Line Drive, 7D, EV 94.4 MPH)
Batting: RHB Jesus Malave 0-0: Ball
1-0: Called Strike
1-1: Called Strike
1-2: Ball
2-2: Ball
3-2: Base on Balls
Batting: RHB Kevin Whitenack 0-0: Ball
1-0: Ball
2-0: Called Strike
2-1: Ball
3-1: Grounds into double play, 6-4-3 (Groundball, 6M, EV 85.6 MPH)
Bottom of the 1st over - 0 runs, 0 hits, 0 errors, 0 left on base; Missoula 0 - Washington (APP) 0
TOP OF THE 2ND
Missoula Osprey batting - Pitching for Washington (APP) Nationals : RHP Gary Simmons
Batting: SHB Blaine Peters 0-0: Ball
1-0: Called Strike
1-1: Ball
2-1: Ground out U3 (Groundball, 34S, EV 76.9 MPH)
Batting: LHB Enrique Ponce 0-0: Ball
1-0: Ground out 4-3 (Groundball, 4, EV 100.6 MPH)
Batting: RHB Antonio Luisa 0-0: Foul Ball, location: 2F
0-1: Ground out 5-3 (Groundball, 56S, EV 80.6 MPH)
Top of the 2nd over - 0 runs, 0 hits, 0 errors, 0 left on base; Missoula 0 - Washington (APP) 0
BOTTOM OF THE 2ND
Washington (APP) Nationals batting - Pitching for Missoula Osprey : RHP Adam Maida
Batting: SHB Gabe Fraunfelder 0-0: Called Strike
0-1: Ball
1-1: Ball
2-1: Foul Ball, location: 2F
2-2: Ball
3-2: Base on Balls
Batting: LHB Elias Posada 0-0: Called Strike
0-1: Ball
1-1: Ball
2-1: Grounds into double play, 5-4-3 (Groundball, 56, EV 90.0 MPH)
Batting: RHB Jon Buscher 0-0: Ball
1-0: Foul Ball, location: 2F
1-1: Ball
2-1: Fly out, F9 (Flyball, 89D, EV 93.1 MPH)
Bottom of the 2nd over - 0 runs, 0 hits, 0 errors, 0 left on base; Missoula 0 - Washington (APP) 0
TOP OF THE 3RD
Missoula Osprey batting - Pitching for Washington (APP) Nationals : RHP Gary Simmons
Batting: LHB Tae-geun Kwang 0-0: Swinging Strike
0-1: Called Strike
0-2: SINGLE (Groundball, 34D, EV 95.6 MPH)
Batting: RHB Sergio Manzanero 0-0: SINGLE (Flyball, 7LS, EV 88.8 MPH)
Tae-geun Kwang to second
Batting: RHB Zach Espinosa 0-0: Ball
1-0: Grounds into double play, 6-4-3 (Groundball, 6, EV 82.5 MPH)
Tae-geun Kwang to third
Batting: RHB Ernesto Zamora 0-0: Fly out, F9 (Flyball, 9LM, EV 86.9 MPH)
Top of the 3rd over - 0 runs, 2 hits, 0 errors, 1 left on base; Missoula 0 - Washington (APP) 0
BOTTOM OF THE 3RD
Washington (APP) Nationals batting - Pitching for Missoula Osprey : RHP Adam Maida
Batting: RHB John Savard 0-0: Ball
1-0: Foul Ball, location: 2F
1-1: Ball
2-1: Fly out, F7 (Flyball, 7LM, EV 95.0 MPH)
Batting: RHB Derek Moran 0-0: Ball
1-0: Called Strike
1-1: Ball
2-1: Ball
3-1: Base on Balls
Batting: RHB Naofumi Ishida 0-0: Ball
1-0: DOUBLE (Flyball, 89XD, EV 99.4 MPH)
Derek Moran to third
Runner from 3rd tries for Home, SAFE, throw by RF to trailing runner, SAFE at third!
Batting: RHB Jim Miske 0-0: Called Strike
0-1: Fly out, F8 (Flyball, 8LS, EV 75.0 MPH)
Batting: RHB Jesus Malave 0-0: Fly out, F8 (Line Drive, 8RD, EV 97.5 MPH)
Bottom of the 3rd over - 1 run, 1 hit, 0 errors, 1 left on base; Missoula 0 - Washington (APP) 1
TOP OF THE 4TH
Missoula Osprey batting - Pitching for Washington (APP) Nationals : RHP Gary Simmons
Batting: SHB Ed Vargas 0-0: Foul Ball, location: 2F
0-1: Swinging Strike
0-2: Strikes out looking
Batting: SHB Evan Armagost 0-0: Ball
1-0: Swinging Strike
1-1: Ball
2-1: Foul Ball, location: 2F
2-2: SINGLE (Groundball, 56S, EV 75.0 MPH) (infield hit)
Batting: SHB Blaine Peters 0-0: DOUBLE (Line Drive, 8RXD, EV 100.0 MPH)
Evan Armagost to third
Batting: LHB Enrique Ponce 0-0: Called Strike
0-1: SINGLE (Flyball, 34D, EV 94.4 MPH)
Evan Armagost scores
Blaine Peters to third
Batting: RHB Antonio Luisa 0-0: Called Strike
0-1: Swinging Strike
0-2: Ball
1-2: Fielders Choice at 2nd, 4-6 (Groundball, 34, EV 85.6 MPH)
Blaine Peters scores
Batting: LHB Tae-geun Kwang 0-0: Called Strike
0-1: Foul Ball, location: 2F
0-2: Ball
1-2: Ball
2-2: Ball
3-2: Foul Ball, location: 2F
3-2: Fly out, F5 (Popup, 5, EV 81.9 MPH)
Top of the 4th over - 2 runs, 3 hits, 0 errors, 1 left on base; Missoula 2 - Washington (APP) 1
BOTTOM OF THE 4TH
Washington (APP) Nationals batting - Pitching for Missoula Osprey : RHP Adam Maida
Batting: RHB Kevin Whitenack 0-0: Called Strike
0-1: Ball
1-1: Ball
2-1: Foul Ball, location: 2F
2-2: Ball
3-2: SINGLE (Line Drive, 8RS, EV 97.5 MPH)
Batting: SHB Gabe Fraunfelder 0-0: Ball
1-0: Swinging Strike
1-1: Ball
Kevin Whitenack steals 2nd base
2-1: Foul Ball, location: 2F
2-2: Ball
3-2: SINGLE (Line Drive, 34, EV 95.0 MPH)
Kevin Whitenack to third
Batting: LHB Elias Posada 0-0: Ball
Gabe Fraunfelder steals 2nd base
1-0: Swinging Strike
1-1: Fly out, F6 (Line Drive, 6, EV 65.0 MPH)
Batting: RHB Jon Buscher 0-0: Fly out, F7 (Flyball, 78S, EV 95.0 MPH)
Batting: RHB John Savard 0-0: Called Strike
0-1: Ball
1-1: Ball
2-1: Ball
3-1: Called Strike
3-2: Fly out, F5 (Line Drive, 5, EV 67.5 MPH)
Bottom of the 4th over - 0 runs, 2 hits, 0 errors, 2 left on base; Missoula 2 - Washington (APP) 1
TOP OF THE 5TH
Missoula Osprey batting - Pitching for Washington (APP) Nationals : RHP Gary Simmons
Batting: RHB Sergio Manzanero 0-0: Ball
1-0: Ball
2-0: SINGLE (Groundball, 6S, EV 68.1 MPH) (infield hit)
Batting: RHB Zach Espinosa 0-0: Hit by Pitch
Sergio Manzanero to second
Batting: RHB Ernesto Zamora 0-0: Ball
1-0: Ball
2-0: Called Strike
2-1: Foul Ball, location: 2F
2-2: Ball
3-2: Base on Balls
Sergio Manzanero to third
Zach Espinosa to second
Batting: SHB Ed Vargas 0-0: Ball
1-0: Foul Ball, location: 2F
1-1: Called Strike
1-2: Strikes out swinging
Batting: SHB Evan Armagost 0-0: Swinging Strike
0-1: Ball
1-1: Ball
2-1: Ball
3-1: SINGLE (Groundball, 34D, EV 103.1 MPH)
Sergio Manzanero scores
Zach Espinosa to third
Ernesto Zamora to second
Runner from 3rd tries for Home, SAFE, throw by RF to home
Ernesto Zamora to third
Evan Armagost to second
Batting: SHB Blaine Peters 0-0: Intentional Walk
Batting: LHB Enrique Ponce 0-0: Called Strike
0-1: Ball
1-1: Ball
2-1: Foul Ball, location: 2F
2-2: Strikes out swinging
Batting: RHB Antonio Luisa 0-0: Ball
1-0: Ball
2-0: Called Strike
2-1: Ball
3-1: Fly out, F2 (Popup, 23F, EV 90.0 MPH)
Top of the 5th over - 2 runs, 2 hits, 0 errors, 3 left on base; Missoula 4 - Washington (APP) 1
BOTTOM OF THE 5TH
Washington (APP) Nationals batting - Pitching for Missoula Osprey : RHP Adam Maida
Batting: RHB Derek Moran 0-0: Ball
1-0: Ball
2-0: Ball
3-0: Base on Balls
Batting: RHB Naofumi Ishida 0-0: Called Strike
0-1: SINGLE (Groundball, 34D, EV 110.0 MPH)
Derek Moran to second
Runner from 2nd tries for 3rd, SAFE, no throw by RF
Batting: RHB Jim Miske 0-0: Ball
1-0: Ball
2-0: Ball
3-0: Base on Balls
Naofumi Ishida to second
Batting: RHB Jesus Malave 0-0: Foul Ball, location: 2F
0-1: Foul Ball, location: 2F
0-2: Ball
1-2: Foul Ball, location: 2F
1-2: Ball
2-2: Foul Ball, location: 2F
2-2: Fielders Choice at 2nd, 3-6 (Groundball, 34S, EV 86.3 MPH)
Derek Moran scores
Naofumi Ishida to third
Batting: RHB Kevin Whitenack 0-0: Swinging Strike
0-1: Ball
1-1: Ball
2-1: Swinging Strike
2-2: Ball
3-2: Base on Balls
Jesus Malave to second
Pitching: RHP Alan Muth
Batting: SHB Gabe Fraunfelder 0-0: Ball
1-0: Fly out, F9 (Flyball, 89M, EV 98.8 MPH)
Runner from 3rd tags up, SCORES, no throw by RF
Batting: LHB Elias Posada 0-0: Ball
1-0: Foul Ball, location: 2F
1-1: Ball
2-1: Foul Ball, location: 2F
2-2: Ball
3-2: SINGLE (Flyball, 6MD, EV 90.0 MPH)
Jesus Malave to third
Kevin Whitenack to second
Jesus Malave scores
Kevin Whitenack to third
Batting: RHB Jon Buscher 0-0: Ball
1-0: Ball
2-0: Fielders Choice at 2nd, 5-4 (Groundball, 56, EV 81.9 MPH)
Bottom of the 5th over - 3 runs, 2 hits, 0 errors, 2 left on base; Missoula 4 - Washington (APP) 4
TOP OF THE 6TH
Missoula Osprey batting - Pitching for Washington (APP) Nationals : RHP Gary Simmons
Pitching: RHP Ivano Galikov
Batting: LHB Tae-geun Kwang 0-0: Swinging Strike
0-1: Ball
1-1: Swinging Strike
1-2: Strikes out looking
Batting: RHB Sergio Manzanero 0-0: Swinging Strike
0-1: Ball
1-1: Ball
2-1: Foul Ball, location: 2F
2-2: Strikes out swinging
Batting: RHB Zach Espinosa 0-0: Ball
1-0: Called Strike
1-1: Called Strike
1-2: Ball
2-2: Foul Ball, location: 2F
2-2: Ball
3-2: Base on Balls
Batting: RHB Ernesto Zamora 0-0: Ball
1-0: Called Strike
1-1: Ball
2-1: Called Strike
2-2: Foul Ball, location: 2F
2-2: Ball
3-2: SINGLE (Groundball, 6MS, EV 86.3 MPH) (infield hit)
Zach Espinosa to second
Batting: SHB Ed Vargas 0-0: Ball
1-0: Ball
2-0: Called Strike
2-1: Called Strike
2-2: Ball
3-2: Base on Balls
Zach Espinosa to third
Ernesto Zamora to second
Batting: SHB Evan Armagost 0-0: Called Strike
0-1: Called Strike
0-2: Ball
1-2: Ball
2-2: Strikes out swinging
Top of the 6th over - 0 runs, 1 hit, 0 errors, 3 left on base; Missoula 4 - Washington (APP) 4
BOTTOM OF THE 6TH
Washington (APP) Nationals batting - Pitching for Missoula Osprey : RHP Alan Muth
Batting: RHB John Savard 0-0: Foul Ball, location: 2F
0-1: Fly out, F7 (Line Drive, 7, EV 85.6 MPH)
Batting: RHB Derek Moran 0-0: Ball
1-0: Ball
2-0: Foul Ball, location: 2F
2-1: Swinging Strike
2-2: DOUBLE (Line Drive, 8LD, EV 112.5 MPH)
Batting: RHB Naofumi Ishida 0-0: Ball
1-0: Ball
2-0: SINGLE (Groundball, 56D, EV 106.9 MPH)
Derek Moran to third
Batting: RHB Jim Miske 0-0: Called Strike
0-1: Ball
1-1: Called Strike
1-2: Ball
2-2: Strikes out swinging
Pitching: RHP Jaden Peterson
Batting: RHB Jesus Malave 0-0: Ball
1-0: Called Strike
1-1: Swinging Strike
1-2: Strikes out swinging
Bottom of the 6th over - 0 runs, 2 hits, 0 errors, 2 left on base; Missoula 4 - Washington (APP) 4
TOP OF THE 7TH
Missoula Osprey batting - Pitching for Washington (APP) Nationals : RHP Ivano Galikov
Pitching: LHP Johnny Busse
Batting: SHB Blaine Peters 0-0: Ball
1-0: Foul Ball, location: 2F
1-1: Ground out 5-3 (Groundball, 56S, EV 91.3 MPH)
Batting: LHB Enrique Ponce 0-0: Called Strike
0-1: Foul Ball, location: 2F
0-2: Foul Ball, location: 2F
0-2: Foul Ball, location: 2F
0-2: Foul Ball, location: 2F
0-2: Strikes out swinging
Batting: RHB Antonio Luisa 0-0: Ball
1-0: Ball
2-0: Ball
3-0: Base on Balls
Batting: LHB Tae-geun Kwang 0-0: Ball
1-0: Ball
2-0: Ball
3-0: Called Strike
3-1: 2-RUN HOME RUN (Flyball, 9D, EV 91.9 MPH), Distance : 359 ft
Batting: RHB Sergio Manzanero 0-0: Ball
1-0: Ball
2-0: Foul Ball, location: 2F
2-1: Foul Ball, location: 2F
2-2: Strikes out swinging
Top of the 7th over - 2 runs, 1 hit, 0 errors, 0 left on base; Missoula 6 - Washington (APP) 4
BOTTOM OF THE 7TH
Washington (APP) Nationals batting - Pitching for Missoula Osprey : RHP Jaden Peterson
Batting: RHB Kevin Whitenack 0-0: Ball
1-0: Foul Ball, location: 2F
1-1: Ball
2-1: Called Strike
2-2: Ball
3-2: Fly out, F9 (Flyball, 89M, EV 88.1 MPH)
Batting: SHB Gabe Fraunfelder 0-0: Ball
1-0: Foul Ball, location: 2F
1-1: Called Strike
1-2: Ground out 1-3 (Groundball, P, EV 73.1 MPH)
Batting: LHB Elias Posada 0-0: Ball
1-0: Ball
2-0: Foul Ball, location: 2F
2-1: Ball
3-1: Base on Balls
Batting: RHB Jon Buscher 0-0: Ball
Elias Posada steals 2nd base
1-0: Ground out 1-3 (Groundball, 34S, EV 69.4 MPH)
Bottom of the 7th over - 0 runs, 0 hits, 0 errors, 1 left on base; Missoula 6 - Washington (APP) 4
TOP OF THE 8TH
Missoula Osprey batting - Pitching for Washington (APP) Nationals : LHP Johnny Busse
Pitching: LHP Mike Bigos
Batting: RHB Zach Espinosa 0-0: SINGLE (Groundball, 4MD, EV 109.4 MPH)
Batting: RHB Ernesto Zamora 0-0: Ball
1-0: Called Strike
1-1: Swinging Strike
1-2: Foul Ball, location: 2F
1-2: SINGLE (Line Drive, 56D, EV 100.0 MPH)
Zach Espinosa to second
Batting: SHB Ed Vargas 0-0: Bunted foul
0-1: Bunt missed!
0-2: Grounds into double play, 5-4-3 (Groundball, 56, EV 91.3 MPH)
Zach Espinosa to third
Batting: SHB Evan Armagost 0-0: Intentional Walk
Batting: SHB Blaine Peters 0-0: Swinging Strike
0-1: Called Strike
0-2: Ball
1-2: Foul Ball, location: 2F
1-2: Ball
2-2: Foul Ball, location: 2F
Pickoff Throw to First - Out! 1-3
Top of the 8th over - 0 runs, 2 hits, 0 errors, 1 left on base; Missoula 6 - Washington (APP) 4
BOTTOM OF THE 8TH
Washington (APP) Nationals batting - Pitching for Missoula Osprey : RHP Jaden Peterson
Pitching: RHP Rick Foster
Batting: RHB John Savard 0-0: Called Strike
0-1: Swinging Strike
0-2: Strikes out swinging
Batting: RHB Derek Moran 0-0: Ball
1-0: Ground out 5-3 (Groundball, 56, EV 106.3 MPH)
Batting: RHB Naofumi Ishida 0-0: Called Strike
0-1: Swinging Strike
0-2: Ball
1-2: Strikes out swinging
Bottom of the 8th over - 0 runs, 0 hits, 0 errors, 0 left on base; Missoula 6 - Washington (APP) 4
TOP OF THE 9TH
Missoula Osprey batting - Pitching for Washington (APP) Nationals : LHP Mike Bigos
Pitching: RHP Brian Walker
Batting: SHB Blaine Peters 0-0: Swinging Strike
0-1: Ball
1-1: Foul Ball, location: 2F
1-2: Ball
2-2: Ground out 6-3 (Groundball, 6, EV 98.8 MPH)
Batting: LHB Enrique Ponce 0-0: Swinging Strike
0-1: Ball
1-1: Called Strike
1-2: Ball
2-2: Strikes out swinging
Batting: RHB Antonio Luisa 0-0: Ball
1-0: Foul Ball, location: 2F
1-1: Ground out 4-3 (Groundball, 4M, EV 108.8 MPH)
Top of the 9th over - 0 runs, 0 hits, 0 errors, 0 left on base; Missoula 6 - Washington (APP) 4
BOTTOM OF THE 9TH
Washington (APP) Nationals batting - Pitching for Missoula Osprey : RHP Rick Foster
Pitching: RHP Tom Alatas
Batting: RHB Jim Miske 0-0: Called Strike
0-1: Ball
1-1: Ball
2-1: Ground out 5-3 (Groundball, 5, EV 105.6 MPH)
Batting: RHB Jesus Malave 0-0: Foul Ball, location: 2F
0-1: Ball
1-1: Hit by Pitch
Batting: RHB Kevin Whitenack 0-0: Ball
1-0: Foul Ball, location: 2F
1-1: Foul Ball, location: 2F
1-2: Fly out, F7 (Flyball, 7LS, EV 81.3 MPH)
Batting: SHB Gabe Fraunfelder 0-0: Ball
1-0: Called Strike
1-1: Ground out 4-3 (Groundball, 4, EV 80.6 MPH)
Bottom of the 9th over - 0 runs, 0 hits, 0 errors, 1 left on base; Missoula 6 - Washington (APP) 4
Thursday, March 31st , 2022 - OOTP Baseball 22.12 Build 89